 Dungeon Crawl Stone Soup version 0.32-a0-996-gb3226c2 (webtiles) character file.

Game seed: 1264668863828906717

150966 Hug the Rapturous (level 17, 0/172 HPs)
             Began as a Demonspawn Brigand on Apr 23, 2024.
             Was a Follower of Uskayaw.
             Slain by the 27-headed Lernaean hydra (6 damage)
             ... on level 4 of the Swamp.
             The game lasted 02:01:35 (31646 turns).

Hug the Rapturous (Demonspawn Brigand)             Turns: 31646, Time: 02:01:36

Health: 0/172      AC: 14    Str: 12    XL:     17   Next: 0%
Magic:  0/35       EV: 20    Int: 13    God:    Uskayaw [*.....]
Gold:   579        SH:  0    Dex: 21    Spells: 16/16 levels left

rFire   . . .        a - +3 dagger (drain)
rCold   . . .        (no shield)
rNeg    + . .        D - +3 troll leather armour
rPois   .            (no helmet)
rElec   .            B - +2 cloak {rCorr}
rCorr   +            (gloves unavailable)
SInv    .            X - +1 pair of boots
Will    ++...        t - amulet "Luyshyav" {Acrobat rN+ Will+}
Stlth   +++++++      y - +5 ring of evasion
HPRegen 1.28/turn    q - +5 ring of evasion
MPRegen 0.48/turn

%: acrobat, guardian spirit
@: studying 2 skills
A: molten scales 2, powered by pain 3, robust 2, magic shield, magic
regeneration, demonic touch 3, high MP 1, mutation resistance 1
a: Renounce Religion, Stomp


You were on level 4 of the Swamp.
You worshipped Uskayaw.
Uskayaw was greatly pleased with you.
You visited 5 branches of the dungeon, and saw 27 of its levels.
You visited 1 bazaar.
You also visited: Ossuary and Ice Cave.

You collected 3552 gold pieces.
You spent 2973 gold pieces at shops.

Inventory:

Hand Weapons
 a - a +3 dagger of draining (weapon)
 b - a +3 sling of flaming
 c - a +4 vampiric dagger
Missiles
 e - 40 poisoned darts (quivered)
 g - 8 javelins
 j - 14 boomerangs
 I - a curare-tipped dart
 L - 2 throwing nets
Armour
 x - the sphere of Battle
   (You found it on level 4 of the Swamp)

   Battle:    It summons a battlesphere in combat, with strength depending on
   Conjurations skill.
   Destructive: It enhances your destructive magic, and weakens non-destructive
   magic.
 A - a +2 buckler
 B - a +2 cloak of preservation (worn)
 D - a +3 troll leather armour (worn)
 X - a +1 pair of boots (worn)
Jewellery
 d - an amulet of reflection
 k - a ring of resist corrosion
 n - a ring of poison resistance
 o - a ring of see invisible
 q - a +5 ring of evasion (right hand)
 t - the amulet "Luyshyav" (around neck) {Acrobat rN+ Will+}
   (You acquired it on level 4 of the Dungeon)

   [amulet of the acrobat]

   Acrobat:   It increases your evasion while moving and waiting.
   rN+:       It protects you from negative energy.
   Will+:     It increases your willpower.
 y - a +5 ring of evasion (left hand)
 z - a ring of flight
 C - a ring of protection from cold
 N - an amulet of magic regeneration
 Q - a ring of magical power
 S - a ring of positive energy
 U - a +6 ring of dexterity
Wands
 p - a wand of digging (14)
 E - a wand of mindburst (15)
 H - a wand of light (8)
 R - a wand of polymorph (24)
 W - a wand of charming (6)
Scrolls
 f - 8 scrolls of identify
 h - 7 scrolls of teleportation
 r - a scroll of fear
 u - 6 scrolls of poison
 G - 2 scrolls of revelation
 J - a scroll of fog {unknown}
 K - 2 scrolls of blinking
Potions
 i - 3 potions of lignification
 l - a potion of resistance
 m - 3 potions of ambrosia
 s - 5 potions of enlightenment
 v - 2 potions of attraction
 F - 12 potions of curing
 O - 4 potions of cancellation
 P - 2 potions of mutation
 T - 4 potions of haste
Miscellaneous
 w - a Gell's gravitambourine (2/2)
 M - a condenser vane


   Skills:
 * Level 15.8 Fighting
 - Level 10.0 Short Blades
 - Level 1.7 Throwing
 - Level 0.8 Dodging
 * Level 18.4 Stealth
 + Level 22.1 Invocations


You had 16 spell levels left.
You didn't know any spells.
Your spell library contained the following spells:

 Spells                   Type           Power      Damage    Failure   Level
 Foxfire                  Conj/Fire      0%         2x1d4     36%         1
 Freeze                   Ice            0%         1d3       36%         1
 Magic Dart               Conj           0%         1d3       36%         1
 Necrotise                Necr           0%         1d4       36%         1
 Blink                    Tloc           0%         N/A       52%         2
 Call Imp                 Summ           0%         N/A       52%         2
 Cigotuvi's Dreadful Rot  Necr/Alch/Air  0%         N/A       52%         2
 Ensorcelled Hibernation  Hex/Ice        0%         N/A       52%         2
 Lesser Beckoning         Tloc           0%         N/A       52%         2
 Momentum Strike          Conj/Tloc      0%         3d8       52%         2
 Sublimation of Blood     Necr           0%         N/A       52%         2
 Dazzling Flash           Conj/Hex       0%         N/A       75%         3
 Frozen Ramparts          Ice            0%         1d1       75%         3
 Hailstorm                Conj/Ice       0%         3d5       75%         3
 Mephitic Cloud           Conj/Alch/Air  0%         N/A       75%         3
 Passwall                 Erth           0%         N/A       75%         3
 Summon Ice Beast         Ice/Summ       0%         N/A       75%         3
 Swiftness                Air            0%         N/A       75%         3
 Vampiric Draining        Necr           0%         2d6       75%         3
 Volatile Blastmotes      Fire/Tloc      0%         2d10      75%         3
 Ignite Poison            Fire/Alch      0%         N/A       98%         4
 Leda's Liquefaction      Alch/Erth      0%         N/A       98%         4
 Martyr's Knell           Necr/Summ      0%         N/A       98%         4
 Passage of Golubria      Tloc           0%         N/A       98%         4
 Sticky Flame             Fire/Alch      0%         2d4       98%         4
 Vhi's Electric Charge    Tloc/Air       0%         N/A       98%         4
 Arcjolt                  Conj/Air       0%         1d10      100%        5
 Curse of Agony           Necr           0%         N/A       100%        5
 Lee's Rapid Deconstruct  Erth           0%         3d4*      100%        5
 Silence                  Hex/Air        0%         N/A       100%        5
 Summon Forest            Summ/Tloc      0%         N/A       100%        5
 Summon Mana Viper        Hex/Summ       0%         N/A       100%        5
 Death Channel            Necr           0%         N/A       100%        6
 Gell's Gavotte           Tloc           0%         2d(11-16) 100%        6
 Permafrost Eruption      Ice/Erth       0%         2x4d1     100%        6
 Plasma Beam              Fire/Air       0%         2x1d10    100%        6
 Sculpt Simulacrum        Ice/Alch       0%         N/A       100%        6
 Starburst                Conj/Fire      0%         6d3       100%        6
 Summon Cactus Giant      Summ           0%         N/A       100%        6
 Rimeblight               Ice/Necr       0%         2d3       (prima100%   7
 Ignition                 Fire           0%         3d3       100%        8
 Lehudib's Crystal Spear  Conj/Erth      0%         10d2      100%        8


Dungeon Overview and Level Annotations

Branches:
Dungeon (15/15)            Temple (1/1) D:6            Lair (5/5) D:8
  Swamp (4/4) Lair:2       Spider (0/4) Lair:2        Slime (0/5) Lair:5
    Orc (2/2) D:11            Elf (0/3) Orc:2        Vaults (0/5) D:14
 Depths (0/4) D:15        Ossuary (visited)           IceCv (visited)

Altars:
Ashenzari
Cheibriados
Dithmenos
Fedhas
Gozag
Hepliaklqana
Kikubaaqudgha
Makhleb
Nemelex Xobeh
Okawaru
Qazlal
Ru
Sif Muna
Trog
Uskayaw
Vehumet
Wu Jian
Xom
Yredelemnul
Beogh

Shops:
D:6 *   D:7 :   D:9 :   Orc:1 !   Orc:2 :*(*:=[:(

Annotations:
D:10 2 runed translucent doors, csikos's ghost, journeyman DrAl
Swamp:2 1 runed translucent door, DANddo's ghost, adept DECj
Swamp:4 Lernaean hydra


Innate Abilities, Weirdness & Mutations

You are mostly covered in molten scales. (AC +3)
You are powered by pain.
You are very robust. (+20% HP)
When hurt, damage is shared between your health and your magic reserves.
You regenerate magic rapidly.
Your touch may irresistibly damage your foes and sap their willpower.
You have an increased reservoir of magic. (+10% MP)
You are somewhat resistant to further mutation.


Message History

The 27-headed Lernaean hydra bites you but does no damage.
The 27-headed Lernaean hydra misses you.
The 27-headed Lernaean hydra bites you but does no damage.
The 27-headed Lernaean hydra bites you!
The 27-headed Lernaean hydra closely misses you.
The 27-headed Lernaean hydra bites you but does no damage. x2
The 27-headed Lernaean hydra misses you.
The 27-headed Lernaean hydra bites you but does no damage.
The 27-headed Lernaean hydra bites you.
The 27-headed Lernaean hydra bites you but does no damage. x3
The 27-headed Lernaean hydra bites you! x4
* * * LOW HITPOINT WARNING * * *
The 27-headed Lernaean hydra bites you!
* * * LOW HITPOINT WARNING * * *
The 27-headed Lernaean hydra barely misses you.
The 27-headed Lernaean hydra bites you.
* * * LOW HITPOINT WARNING * * *
The 27-headed Lernaean hydra bites you but does no damage.
You stomp with the beat, sending a shockwave through the revellers around you!
The 27-headed Lernaean hydra is almost dead.
You can no longer pass through a line of other dancers.
The 27-headed Lernaean hydra bites you!
* * * LOW HITPOINT WARNING * * *
The 27-headed Lernaean hydra closely misses you.
The 27-headed Lernaean hydra bites you but does no damage.
The 27-headed Lernaean hydra bites you.
* * * LOW HITPOINT WARNING * * *
The 27-headed Lernaean hydra bites you!
* * * LOW HITPOINT WARNING * * *
The 27-headed Lernaean hydra bites you.
* * * LOW HITPOINT WARNING * * *
The 27-headed Lernaean hydra bites you.
* * * LOW HITPOINT WARNING * * *
The 27-headed Lernaean hydra bites you but does no damage.
The 27-headed Lernaean hydra bites you!
* * * LOW HITPOINT WARNING * * *
The 27-headed Lernaean hydra bites you but does no damage.
The 27-headed Lernaean hydra bites you!
You die...
Your body falls in perfect tune with the rhythm.

♣~~~~.~~~♣.~~~♣♣~...♣
♣♣♣♣♣~~~..~♣♣♣♣♣~...♣
♣♣♣..~~§~~~.♣ ♣..~.~♣
♣♣~..~~~~~~.♣ ♣.~~~~♣
♣♣~.~<~~~~~♣♣ ♣.~~~~♣
...~~~~~~.♣♣ ♣♣..~♣♣
~.~~~~~~~.♣ ♣♣♣..♣♣♣
~~.~~~~~~.♣♣♣.~~.♣♣
.♣♣†~†[~~.~♣♣~~~@.♣
♣~~.§....~~.~..§D.♣
..........~.~..~~.♣♣♣
~.~♣~~^...♣♣...~~~~.♣
.~~.~♣.....♣♣(...§~.♣
.♣♣~###~~~.~D.~~~..~♣
♣ #♣ ##.~.(~~~~..)♣
#~((~.~(..♣♣
##~.♣~~~~~♣


You could see the 27-headed Lernaean hydra (weak-willed, drained) and a swamp
dragon.

Vanquished Creatures
  Saint Roka (Orc:1)
  Jorgrun (D:15)
  Rupert (Orc:2)
  Frances (D:13)
  A fenstrider witch (Swamp:4)
  A ghoul (Swamp:3)
  An ironbound thunderhulk (D:14)
  2 eleionomae
  2 bunyips
  Azrael (D:13)
  Snorg (Lair:3)
  A shambling mangrove (Swamp:1)
  Josephine (Orc:1)
  12 hydras
  2 vault guards (D:14)
  9 centaur warriors
  Erolcha (Orc:1)
  2 catoblepae
  A ghost crab (Swamp:3)
  An ogre mage (D:15)
  8 two-headed ogres
  5 boulder beetles
  6 death yaks (Lair:5)
  10 alligators
  Sonja (D:12)
  Urug (Orc:2)
  2 orc high priests (Orc:2)
  Nergalle (Lair:3)
  2 skysharks
  6 skeletal warriors
  4 goliath frogs
  3 spriggan druids
  A death drake (Swamp:3)
  An arcanist (D:14)
  A glowing orange brain (D:15)
  A swamp dragon (Swamp:2)
  7 bog bodies
  2 orc knights (Orc:2)
  A necromancer (IceCv)
  A wolf spider zombie (D:13)
  2 orc sorcerers (Orc:2)
  15 ugly things
  An oklob plant (D:10)
  A manticore (D:14)
  A wolf spider (Lair:2)
  3 kobold blastminers
  19 elephants
  5 will-o-the-wisps
  6 cyclopes
  3 black mambas
  A meliai (D:14)
  8 centaur zombies (D:13)
  An ice statue (IceCv)
  A gargoyle (D:12)
  An unseen horror (D:12)
  2 torpor snails (Lair:5)
  8 komodo dragons
  13 cane toads
  2 kobold demonologists (D:11)
  A redback zombie (D:13)
  4 anaconda simulacra (IceCv)
  4 rime drakes
  14 ice devils (IceCv)
  2 freezing wraiths
  11 polar bears
  4 tyrant leeches
  A bloated husk (Swamp:2)
  23 blink frogs
  A troll (D:13)
  6 hornets
  3 meliai zombies (D:13)
  6 dream sheep
  2 raiju (Lair:5)
  A snapping turtle (shapeshifter) (D:15)
  2 vampires
  4 spriggans
  A shadow (D:12)
  A centaur simulacrum (D:14)
  Sigmund (D:3)
  3 wyverns
  A culicivora (Lair:2)
  16 slime creatures
  A fire elemental (D:13)
  9 wraiths
  3 basilisks
  2 yaks (shapeshifter)
  45 yaks
  9 wargs
  A human (shapeshifter) (D:14)
  A redback (D:14)
  24 vampire mosquitoes
  4 death yak simulacra (IceCv)
  2 harpy simulacra (IceCv)
  11 water moccasins
  A hydra simulacrum (IceCv)
  16 swamp worms
  An acid dragon (D:14)
  18 hell hounds
  An ice beast (D:6)
  3 swamp drakes
  20 orc warriors
  2 sky beasts (D:7)
  17 black bears
  A laughing skull (D:14)
  11 ogres
  15 centaurs
  25 wolves
  A phantom (D:5)
  An elf zombie (Ossuary)
  5 kobold brigands
  Blork the orc (Orc:2)
  4 gnoll sergeants
  A cane toad simulacrum (IceCv)
  2 scorpions
  12 bullfrogs
  3 wights
  5 elephant simulacra (IceCv)
  6 killer bees (D:10)
  7 howler monkeys
  A bombardier beetle (D:3)
  A jelly (D:5)
  3 gnoll boudas
  26 orc priests
  2 hounds
  A boggart zombie (D:13)
  23 orc wizards
  2 sleepcaps
  2 iguanas (D:7)
  5 hell rats (Lair:4)
  2 polar bear simulacra (IceCv)
  A troll simulacrum (IceCv)
  3 spriggan simulacra (IceCv)
  6 wolf simulacra (IceCv)
  A hound zombie (Ossuary)
  5 mummies
  25 gnolls
  6 adders
  A shadow imp (D:7)
  2 white imps
  An ufetubus (IceCv)
  An adder zombie (Ossuary)
  2 ribbon worms
  2 dart slugs
  53 orcs
  7 endoplasms
  4 giant cockroaches
  9 goblins
  9 hobgoblins
  7 quokkas
  5 ball pythons
  5 bats
  5 frilled lizards
  3 gnoll zombies (Ossuary)
  A goblin zombie (Ossuary)
  2 hobgoblin zombies (Ossuary)
  A jackal zombie (Ossuary)
  40 kobolds
  A kobold zombie (Ossuary)
  An orc zombie (Ossuary)
  6 rats
886 creatures vanquished.

Vanquished Creatures (collateral kills)
  A hell hog (Lair:5)
  A kobold blastminer (Orc:1)
  An orc warrior (Orc:2)
  A black bear (Lair:5)
  A wolf simulacrum (IceCv)
  An orc (Orc:2)
6 creatures vanquished.

Vanquished Creatures (others)
  2 bloated husks
  A dire elephant simulacrum (IceCv)
  An orc warrior (Orc:2)
  A kobold brigand (D:6)
  2 orc wizards (Orc:1)
  A wolf simulacrum (IceCv)
  3 orcs (Orc:1)
  20 foxfires
31 creatures vanquished.

Grand Total: 923 creatures vanquished

Notes
Turn   | Place    | Note
-------+----------+-------------------------------------------
     0 | D:1      | Hug the Demonspawn Brigand began the quest for the Orb.
     0 | D:1      | Reached XP level 1. HP: 16/16 MP: 1/1
   104 | D:1      | Gained mutation: Your touch may inflict minor irresistible
                  | damage on your foes. [demonic ancestry]
   104 | D:1      | Reached XP level 2. HP: 15/22 MP: 2/2
   105 | D:1      | Reached skill level 1 in Invocations
   482 | D:1      | Gained mutation: You regenerate magic rapidly. [demonic
                  | ancestry]
   482 | D:1      | Reached XP level 3. HP: 21/28 MP: 4/4
   935 | D:2      | Reached skill level 2 in Invocations
   977 | D:2      | Identified the +3 ring mail of Ynoeli {Harm Dex-2 Stlth+}
  1279 | D:2      | Gained mutation: You are partially covered in molten
                  | scales. (AC +2) [demonic ancestry]
  1279 | D:2      | Reached XP level 4. HP: 34/34 MP: 5/5
  1397 | D:2      | Noticed a scorpion
  1409 | D:2      | Killed a scorpion
  1410 | D:2      | Gained mutation: When hurt, damage is shared between your
                  | health and your magic reserves. [demonic ancestry]
  1410 | D:2      | Reached XP level 5. HP: 41/41 MP: 5/7
  1498 | D:2      | Reached skill level 5 in Stealth
  2024 | D:3      | Reached skill level 3 in Invocations
  2273 | D:3      | Noticed Sigmund
  2278 | D:3      | Killed Sigmund
  2279 | D:3      | Gained mutation: You sometimes gain a little power by
                  | taking damage. [demonic ancestry]
  2279 | D:3      | Reached XP level 6. HP: 47/47 MP: 8/8
  2521 | D:3      | Identified a scroll of acquirement
  2521 | D:3      | Acquired a +5 ring of evasion
  2570 | D:4      | Acquired the amulet "Luyshyav" {Acrobat rN+ Will+}
  2660 | D:4      | Reached skill level 4 in Invocations
  2735 | D:4      | Gained mutation: You are mostly covered in molten scales.
                  | (AC +3) [demonic ancestry]
  2735 | D:4      | Reached XP level 7. HP: 53/53 MP: 10/10
  3048 | D:5      | Entered Level 5 of the Dungeon
  3470 | D:5      | Reached skill level 5 in Invocations
  3600 | D:5      | Reached XP level 8. HP: 58/61 MP: 9/11
  4463 | D:6      | Reached skill level 5 in Fighting
  4463 | D:6      | Reached skill level 6 in Invocations
  4678 | D:6      | Found a staircase to the Ecumenical Temple.
  4698 | Temple   | Entered the Ecumenical Temple
  4719 | Temple   | Became a worshipper of Uskayaw the Reveller
  4796 | D:6      | Reached * piety under Uskayaw
  4879 | D:6      | Reached ** piety under Uskayaw
  4939 | D:6      | Found Ceyss's Assorted Antiques.
  4947 | D:6      | Bought a scroll of identify for 42 gold pieces
  4947 | D:6      | Bought a scroll labelled YGAUP MYCODU for 21 gold pieces
  4947 | D:6      | Bought a scroll labelled UTRASAL LUUPNOH for 21 gold pieces
  5117 | D:7      | Noticed a dream sheep
  5119 | D:7      | Noticed a dream sheep
  5276 | D:7      | Found a sand-covered staircase.
  5286 | Ossuary  | Entered an ossuary
  5641 | D:7      | Reached *** piety under Uskayaw
  5643 | D:7      | Reached **** piety under Uskayaw
  5647 | D:7      | Gained mutation: You sometimes gain power by taking damage.
                  | [demonic ancestry]
  5647 | D:7      | Reached XP level 9. HP: 66/68 MP: 14/14
  5655 | D:7      | Reached skill level 5 in Short Blades
  5655 | D:7      | Reached skill level 7 in Invocations
  5848 | D:7      | Found Ywasm's Book Shop.
  6699 | D:8      | Reached skill level 8 in Invocations
  6735 | D:7      | Reached skill level 9 in Invocations
  6942 | D:7      | Gained mutation: You are powered by pain. [demonic
                  | ancestry]
  6942 | D:7      | Reached XP level 10. HP: 63/77 MP: 10/16
  6952 | D:7      | Reached skill level 10 in Stealth
  7224 | D:8      | Found a staircase to the Lair.
  7234 | D:8      | Noticed a purple ugly thing
  7275 | D:8      | Killed a purple ugly thing
  7323 | D:8      | Reached skill level 10 in Invocations
  7774 | D:9      | Reached ***** piety under Uskayaw
  8015 | D:9      | Found Wujaat's Self-Improvement Boutique.
  8037 | D:9      | Acquired 878 gold pieces
  8449 | D:9      | Found a sacrificial altar of Ru.
  8452 | D:9      | Found a hazy altar of Hepliaklqana.
  8456 | D:9      | Found an opulent altar of Gozag.
  8491 | D:10     | Entered Level 10 of the Dungeon
  8491 | D:10     | Noticed a two-headed ogre
  8491 | D:10     | Noticed a two-headed ogre
  8520 | D:9      | Reached skill level 11 in Invocations
  8528 | D:9      | Killed a two-headed ogre
  8805 | D:9      | Reached XP level 11. HP: 76/84 MP: 17/19
  8809 | D:9      | Killed a two-headed ogre
  9001 | D:10     | Found a large runed translucent door.
  9001 | D:10     | Found a large runed translucent door.
  9006 | D:10     | Noticed csikos's ghost (journeyman DrAl)
  9308 | D:10     | Noticed a two-headed ogre
  9323 | D:10     | Killed a two-headed ogre
  9324 | D:10     | Reached skill level 12 in Invocations
  9529 | D:10     | Found a blossoming altar of Fedhas.
 10022 | D:10     | Noticed an oklob plant
 10117 | D:10     | Killed an oklob plant
 10345 | D:10     | Gained mutation: You are frail. (-10% HP) [potion of
                  | mutation]
 10346 | D:10     | Lost mutation: You are frail. (-10% HP) [potion of
                  | mutation]
 10346 | D:10     | Gained mutation: You are somewhat resistant to further
                  | mutation. [potion of mutation]
 10346 | D:10     | Gained mutation: You have an increased reservoir of magic.
                  | (+10% MP) [potion of mutation]
 10413 | D:11     | Found a staircase to the Orcish Mines.
 10474 | D:11     | Identified the +1 robe of the Thunderstorm {-Cast Harm rC+}
 11053 | D:12     | Reached skill level 13 in Invocations
 11223 | D:12     | Found a flickering gateway to a bazaar.
 11232 | Bazaar   | Entered a bazaar
 11232 | Bazaar   | Found Ytovitue's Jewellery Emporium.
 11234 | Bazaar   | Found Ytaoded's Antique Armour Emporium.
 11265 | Bazaar   | Found Rat Noni's Armour Shop.
 11270 | Bazaar   | Found Wasaim's Distillery.
 11277 | Bazaar   | Found Luyqaek's Armour Boutique.
 11310 | Bazaar   | Bought a +5 ring of evasion for 576 gold pieces
 11325 | Bazaar   | Bought a +2 cloak of preservation for 258 gold pieces
 11343 | Bazaar   | Bought 2 potions of curing for 72 gold pieces
 11343 | Bazaar   | Bought a potion of heal wounds for 60 gold pieces
 11343 | Bazaar   | Bought a potion of cancellation for 96 gold pieces
 11343 | Bazaar   | Bought a potion of heal wounds for 60 gold pieces
 11343 | Bazaar   | Bought a potion of curing for 36 gold pieces
 11343 | Bazaar   | Bought a potion of curing for 36 gold pieces
 11343 | Bazaar   | Bought a potion of lignification for 36 gold pieces
 11502 | D:12     | Noticed a cyan ugly thing
 11505 | D:12     | Killed a cyan ugly thing
 11632 | D:12     | Noticed Sonja
 11636 | D:12     | Killed Sonja
 11719 | D:12     | Noticed a boulder beetle
 11743 | D:12     | Killed a boulder beetle
 11744 | D:12     | Reached XP level 12. HP: 94/94 MP: 24/24
 12305 | D:13     | Noticed Frances
 12357 | D:11     | Identified the +4 morningstar of the Bedazzled God {spect,
                  | Int+4 Dex+5}
 13121 | D:13     | Killed Frances
 13122 | D:13     | Reached skill level 14 in Invocations
 13869 | D:13     | Noticed a centaur warrior
 14479 | D:13     | Noticed Azrael
 14506 | D:13     | Killed Azrael
 14519 | D:13     | Reached skill level 15 in Invocations
 15033 | D:13     | Noticed a centaur warrior
 15059 | D:13     | Killed a centaur warrior
 15139 | D:13     | Noticed a two-headed ogre
 15153 | D:13     | Killed a two-headed ogre
 15154 | D:13     | Gained mutation: Your touch may inflict irresistible damage
                  | on your foes. [demonic ancestry]
 15154 | D:13     | Reached XP level 13. HP: 94/102 MP: 22/27
 15485 | Lair:1   | Entered Level 1 of the Lair of Beasts
 15756 | Lair:1   | Reached skill level 16 in Invocations
 16116 | Lair:1   | Reached skill level 10 in Fighting
 16314 | Lair:2   | Found a staircase to the Swamp.
 16570 | Lair:2   | Found a hole to the Spider Nest.
 17122 | Lair:3   | Reached skill level 17 in Invocations
 17137 | Lair:3   | Reached ****** piety under Uskayaw
 17138 | Lair:3   | Noticed Snorg
 17143 | Lair:3   | Killed Snorg
 17396 | Lair:3   | Noticed Nergalle
 17428 | Lair:3   | Killed Nergalle
 17530 | Lair:3   | Identified the +1 plate armour of Insecurity {+Blink rF+}
 17538 | Lair:3   | Found a frozen archway.
 17597 | IceCv    | Entered an ice cave
 17684 | IceCv    | Gained mutation: You are robust. (+10% HP) [demonic
                  | ancestry]
 17684 | IceCv    | Reached XP level 14. HP: 105/122 MP: 29/29
 17966 | IceCv    | Found an ancient bone altar of Kikubaaqudgha.
 18025 | IceCv    | Reached skill level 18 in Invocations
 18031 | IceCv    | Reached skill level 10 in Short Blades
 20227 | Lair:4   | Reached skill level 15 in Stealth
 20479 | Lair:5   | Entered Level 5 of the Lair of Beasts
 20503 | Lair:5   | Reached skill level 19 in Invocations
 20583 | Lair:5   | Found a staircase to the Slime Pits.
 21357 | Lair:5   | Got the Handbook of Clouds and the Quarry
 21675 | Lair:5   | Reached skill level 20 in Invocations
 21894 | Lair:5   | Gained mutation: Your touch may irresistibly damage your
                  | foes and sap their willpower. [demonic ancestry]
 21894 | Lair:5   | Reached XP level 15. HP: 133/133 MP: 22/31
 22633 | Orc:1    | Entered Level 1 of the Orcish Mines
 22633 | Orc:1    | Noticed Erolcha
 22661 | Orc:1    | Killed Erolcha
 22885 | Orc:2    | Entered Level 2 of the Orcish Mines
 22885 | Orc:2    | Found a staircase to the Elven Halls.
 22917 | Orc:2    | Found Meorchosa's Weapon Shop.
 22926 | Orc:2    | Noticed Rupert
 23006 | Orc:2    | Found a roughly hewn altar of Beogh.
 23100 | Orc:2    | Found a burning altar of Makhleb.
 23178 | Orc:2    | Found Kifithru's Book Emporium.
 23186 | Orc:2    | Found Ypesaj's Jewellery Emporium.
 23204 | Orc:2    | Bought an amulet of reflection for 480 gold pieces
 23204 | Orc:2    | Bought a ring of flight for 280 gold pieces
 23234 | Orc:2    | Noticed Saint Roka
 23234 | Orc:2    | Noticed Blork the orc
 23240 | Orc:2    | Noticed Urug
 23243 | Orc:2    | Killed Blork the orc
 23444 | Orc:2    | Killed Rupert
 23755 | Orc:2    | Found a roughly hewn altar of Beogh.
 24187 | Orc:2    | Killed Urug
 24347 | Orc:1    | Killed Saint Roka
 24477 | Orc:2    | Found Eroaw's Antique Armour Shop.
 24519 | Orc:2    | Found Ucyfahiu's Book Shop.
 24709 | Orc:2    | Found Raih's Book Boutique.
 24753 | Orc:2    | Found Xabir's Assorted Antiques.
 24768 | Orc:2    | Bought a potion of heal wounds for 115 gold pieces
 24768 | Orc:2    | Bought a scroll of blinking for 172 gold pieces
 24814 | Orc:2    | Found Yklalof's General Store.
 24830 | Orc:2    | Found Kourph's Antique Weapon Shop.
 24960 | Orc:1    | Noticed Josephine
 24972 | Orc:1    | Killed Josephine
 25072 | Orc:1    | Found Geowes's Distillery.
 25139 | Orc:1    | Bought a potion of curing for 51 gold pieces
 25139 | Orc:1    | Bought a potion of curing for 51 gold pieces
 25139 | Orc:1    | Bought 2 potions of haste for 340 gold pieces
 25139 | Orc:1    | Bought a potion of haste for 170 gold pieces
 25851 | D:14     | Reached skill level 21 in Invocations
 26346 | D:14     | Found a gate to the Vaults.
 26760 | D:14     | Found a shimmering blue altar of Sif Muna.
 26869 | D:15     | Entered Level 15 of the Dungeon
 26954 | D:15     | Reached XP level 16. HP: 131/146 MP: 29/33
 27251 | D:15     | Noticed Jorgrun
 27254 | D:15     | Killed Jorgrun
 27439 | D:15     | Found a staircase to the Depths.
 27938 | Swamp:1  | Entered Level 1 of the Swamp
 28787 | Swamp:2  | Noticed DANddo's ghost (adept DECj)
 28787 | Swamp:2  | Identified the +5 trident of Corpus Delicti {drain, rF-
                  | rCorr Int+4}
 28787 | Swamp:2  | Found a runed translucent door.
 29172 | Swamp:2  | Reached skill level 15 in Fighting
 30606 | Swamp:4  | Entered Level 4 of the Swamp
 30709 | Swamp:4  | Reached skill level 22 in Invocations
 31271 | Swamp:4  | Found the sphere of Battle
 31457 | Swamp:4  | Gained mutation: You are very robust. (+20% HP) [demonic
                  | ancestry]
 31457 | Swamp:4  | Reached XP level 17. HP: 151/172 MP: 35/35
 31634 | Swamp:4  | Noticed the 27-headed Lernaean hydra
 31646 | Swamp:4  | HP: 6/172 [the 27-headed Lernaean hydra (6)]
 31646 | Swamp:4  | Slain by the 27-headed Lernaean hydra

Illustrated notes

Levels and vault maps discovered:
D:1:      lightli_arrival_noodles, layout_basic, hex_tiny,
          dreamdust_princess_corridor
D:2:      layout_loops_corners, kennysheep_generic_room_4
D:3:      layout_basic, uniq_sigmund
D:4:      layout_rooms, chequers_serial_rivers_room_a
D:5:      layout_basic
D:6:      layout_rooms, minmay_temple_entry_drinking_statues, serial_shops, shop
D:7:      layout_basic, serial_shops, nicolae_shop_tiny_real_fake_doors,
          gup_ossuary_entry_pyramid, dreamdust_gnoll_shepherd
D:8:      layout_cave_pools, due_lair_maze_entry_diamond
D:9:      layout_small_grid, grunt_temple_overflow_diamond,
          nicolae_shop_self_help
D:10:     layout_basic, tgw_fedhas, ebering_ghost_disaster_area
D:11:     layout_loops_corners, orc_0_dummy
D:12:     layout_basic, serial_shops, bzr_firewalk, hangedman_decor_riveting,
          uniq_sonja
D:13:     layout_irregular_city, serial_undead, serial_undead_a,
          serial_undead_b, serial_undead_c, serial_undead_c, serial_undead_d,
          serial_undead_b, serial_undead_a, uniq_frances, uniq_azrael
D:14:     nzn_winding_woodlands_medium [nzn_winding_woodlands_5x5_cross,
          nzn_winding_woodlands_5x15_split_checker,
          nzn_winding_woodlands_5x5_perimeter,
          nzn_winding_woodlands_5x5_default,
          nzn_winding_woodlands_center_triple_pond,
          nzn_winding_woodlands_5x5_open_star,
          nzn_winding_woodlands_5x5_checkerboard,
          nzn_winding_woodlands_5x15_pool, nzn_winding_woodlands_5x5_default],
          layout_grid_maze, hellmonk_vaults_keyhole, dreamdust_princess_bridge,
          nicolae_sif_muna_little_library
D:15:     gammafunk_enter_depths_forms, layout_irregular_city, uniq_jorgrun
Temple:   regret_index_temple_mists
Lair:1:   layout_regular_city
Lair:2:   layout_loops_ring, minmay_swamp_entry_swarm, spider_nest_entry_rubble,
          gauntlet_entry_generic
Lair:3:   layout_misc_corridors, portal_ice_cave_entry_pillars_2, minivault_25,
          grunt_megastairs_3, lemuel_fruit_tree, infiniplex_staircase_pool_2,
          uniq_nergalle, uniq_snorg
Lair:4:   layout_cellular_growth, lemuel_fruit_fields
Lair:5:   hangedman_lair_caniforms_friends, layout_regular_city, slime_entry_2,
          infiniplex_staircase_pool
Swamp:1:  layout_basic_swamp, evilmike_swamp_ruin_rubble_1
Swamp:2:  layout_falls_marsh, ebering_ghost_funeral_grove,
          evilmike_swamp_ruin_house_3
Swamp:3:  layout_basic_swamp, evilmike_swamp_ruin_house_2, swamp_pool_5
Swamp:4:  swamp_alternative, layout_basic_swamp, hangedman_swamp_lotus,
          nicolae_swamp_tree_isthmus
Orc:1:    layout_caves, serial_shops, nicolae_shop_tiny_statue_garden,
          uniq_erolcha, uniq_josephine
Orc:2:    grunt_orc_cross, layout_caves, serial_shops, shop, shop, shop, shop,
          shop, basic_altar, minmay_orc_temple_c, uniq_rupert, uniq_saint_roka

Skill      XL: |  1  2  3  4  5  6  7  8  9 10 11 12 13 14 15 16 |
---------------+-------------------------------------------------+-----
Invocations    | 1 2 3 4 5 6 9 11 13 15 17 20 21 22 | 22.1
Stealth        | 4 5 6 7 8 9 11 12 13 14 15 16 18 | 18.4
Fighting       | 3 4 5 6 7 8 9 10 12 14 15 | 15.8
Short Blades   | 2 3 4 5 6 7 8 9 10 | 10.0
Throwing       | |  1.7
Dodging        | |  0.8

Action                     |  1- 3 |  4- 6 |  7- 9 | 10-12 | 13-15 | 16-18 || total
---------------------------+-------+-------+-------+-------+-------+-------++-------
  Melee: Dagger            |    89 |    84 |   248 |   741 |  1699 |   581 ||  3442
         Touch             |    18 |    17 |    54 |   214 |   257 |    99 ||   659
   Fire: Sling             |       |       |    30 |     3 |    14 |       ||    47
  Throw: Dart              |     3 |    18 |    20 |    37 |   138 |    14 ||   230
         Javelin           |       |     1 |       |       |       |       ||     1
         Throwing net      |       |       |       |     3 |     9 |       ||    12
 Invoke: Stomp             |       |       |    14 |    56 |   186 |    66 ||   322
         Line Pass         |       |       |     3 |    10 |    10 |       ||    23
         Grand Finale      |       |       |       |       |     1 |       ||     1
  Evoke: Wand              |       |       |     4 |    24 |    47 |     1 ||    76
    Use: Scroll            |     3 |     9 |    11 |    13 |    17 |     3 ||    56
         Potion            |     2 |       |     1 |    11 |    14 |     3 ||    31
   Stab: Sleeping          |     9 |    11 |    10 |    23 |    27 |    20 ||   100
         Paralysed         |       |       |     1 |    14 |    50 |    10 ||    75
         Invisible         |       |       |       |     2 |     4 |     1 ||     7
         Confused          |       |       |       |     1 |     6 |       ||     7
         Distracted        |       |       |       |       |     6 |       ||     6
         Petrifying        |       |       |       |       |     1 |       ||     1
         Held in net/web   |       |       |       |       |     4 |       ||     4
 Armour: Robe              |    44 |    29 |   132 |   299 |       |       ||   504
         Troll leather arm |       |       |       |    28 |   832 |   441 ||  1301
  Dodge: Dodged            |    35 |    45 |   300 |   595 |  1412 |   674 ||  3061
  Block: Kite shield       |       |       |       |       |    98 |       ||    98
         Buckler           |       |       |       |       |   133 |       ||   133

Table legend: (Time is in decaauts)
 A = Elapsed time spent in this place.
 B = Non-inter-level travel time spent in this place.
 C = Inter-level travel time spent in this place.
 D = Time resting spent in this place.
 E = Time spent auto-exploring this place.
 F = Levels seen in this place.
 G = Mean time per level.
                   A        B        C        D        E       F      G
               +--------+--------+--------+--------+--------+-----+--------+
         Total |  30632 |  28800 |   1832 |    289 |  21748 |  30 | 1021.1 |
       Dungeon |  16925 |  15959 |    966 |    196 |  12647 |  15 | 1128.3 |
        Temple |     54 |      1 |     53 |      0 |      0 |   1 |   54.0 |
          Lair |   5422 |   4954 |    468 |      0 |   3832 |   5 | 1084.4 |
         Swamp |   3706 |   3569 |    137 |     41 |   2633 |   4 |  926.5 |
  Orcish Mines |   2688 |   2482 |    206 |      0 |   1640 |   2 | 1344.0 |
        Bazaar |    222 |    222 |      0 |      0 |     47 |   1 |  222.0 |
       Ossuary |    328 |    328 |      0 |      0 |    238 |   1 |  328.0 |
      Ice Cave |   1282 |   1282 |      0 |     52 |    709 |   1 | 1282.0 |
               +--------+--------+--------+--------+--------+-----+--------+

Top non-repeatable levels by time:
   Orc:2: 2010 daAuts
    D:12: 1997 daAuts
    D:13: 1733 daAuts
    D:10: 1594 daAuts
  Lair:5: 1562 daAuts
     D:5: 1449 daAuts
     D:7: 1438 daAuts
 Swamp:3: 1348 daAuts
   IceCv: 1282 daAuts
     D:9: 1226 daAuts
     D:2: 1211 daAuts
    D:14: 1183 daAuts
  Lair:4: 1170 daAuts
    D:11: 1128 daAuts
  Lair:3: 941 daAuts
